Match 33069998
Unlisted

Match 33069998
End
Construct Section Command Post
Selects Indian Artillery Battlegroup
Infantry Section
Infantry Section
ML 3-inch Mortar Team
Infantry Section
Construct Platoon Command Post
Unlock Bishop Self-propelled Artillery
Selects Valour
6-pounder Anti-tank Gun Team
Selects Artillery Saturation
Bishop Self-propelled Artillery
Construct Field Infirmary
Construct Company Command Post
Selects Off-map Airburst Barrage
Grenade Package
Crusader II Medium Tank
Off-map Airburst Barrage
Selects BL5.5 Artillery Emplacement
Selects Gurkha Rifles Section
Unlock M3 Grant Medium Tanks
M3 Grant Medium Tank
Selects Volunteer Infantry
M3 Grant Medium Tank
CMP 15cwt Truck
Vickers Machine Gun Team
Boondoggle
Donald J. Trump
Armandius Thrundlewind
Supah-Pirate Slugga Boy
ElZocko
Janeriksen
0
0

Comments sign in to comment!

No comments posted yet!